 Dungeon Crawl Stone Soup version 0.18-b1-10-g3f7de93 (webtiles) character file.

3976 MTVSty1e the Cleaver (level 10, -16/88 HPs)
             Began as a Hill Orc Fighter on Apr 29, 2016.
             Was a Priest of Okawaru.
             Killed from afar by a deep elf knight (26 damage)
             ... with a stone arrow
             ... on level 9 of the Dungeon.
             The game lasted 00:31:24 (7576 turns).

MTVSty1e the Cleaver (Hill Orc Fighter)             Turns: 7576, Time: 00:31:24

Health: -16/88     AC: 14    Str: 23    XL:     10   Next: 22%
Magic:  10/10      EV:  9    Int: 17    God:    Okawaru [***...]
Gold:   389        SH: 16    Dex: 10    Spells: 0 memorised, 9 levels left

rFire  + . .     SeeInvis .     p - +2 hand axe (flame)
rCold  . . .     Gourm    .     t - +1 ring mail {rPois}
rNeg   . . .     Faith    .     E - +0 large shield
rPois  +         Spirit   .     l - +2 helmet
rElec  .         Dismiss  .     g - +0 cloak
rCorr  .         Reflect  .     u - +0 pair of gloves
SustAt .         Harm     .     i - +0 pair of boots
MR     .....                    (no amulet)
Stlth  +.........               z - ring of protection from fire
                                j - +4 ring of intelligence

@: brilliant, very slightly contaminated, not resistant to hostile enchantments,
very unstealthy
A: no striking features
a: Heroism, Renounce Religion


You were on level 9 of the Dungeon.
You worshipped Okawaru.
Okawaru was most pleased with you.
You were not hungry.

You visited 2 branches of the dungeon, and saw 10 of its levels.

You collected 389 gold pieces.

Inventory:

Hand Weapons
 a - a +0 war axe
 d - a +1 flail of protection
 p - a +2 hand axe of flaming (weapon)
 q - a +0 battleaxe
 r - a +0 falchion of holy wrath
 s - a +2 flail of crushing
 v - a +0 blowgun
 L - a +2 vampiric long sword
Missiles
 w - 34 poisoned needles
Armour
 b - a +0 scale mail
 c - a +1 shield
 g - a +0 cloak (worn)
 i - a +0 pair of boots (worn)
 l - a +2 helmet (worn)
 t - a +1 ring mail of poison resistance (worn)
 u - a +0 pair of gloves (worn)
 E - a +0 large shield (worn)
 I - a +0 pair of gloves
Jewellery
 j - a +4 ring of intelligence (left hand)
 z - a ring of protection from fire (right hand)
Wands
 e - a wand of confusion (13/48)
 B - a wand of random effects (12/48)
 C - a wand of lightning (11/15)
 F - a wand of slowing (36/48)
 M - a wand of enslavement (5/24)
 N - a wand of lightning (7/15)
Scrolls
 h - 4 scrolls of teleportation
 o - 4 scrolls of remove curse
 y - 2 scrolls of fog
 D - 2 scrolls of amnesia
 G - a scroll of fear
 J - a scroll of enchant armour
 Q - a scroll of recharging {unknown}
 R - a scroll of identify
 S - a scroll of magic mapping
 T - a scroll of vulnerability {unknown}
Potions
 m - a potion of degeneration
 H - 5 potions of cure mutation
 K - a potion of mutation {unknown}
 P - a potion of agility {unknown}
Comestibles
 f - 7 bread rations
 k - a beef jerky
 n - 3 slices of pizza
 U - 4 fruits


   Skills:
 * Level 7.8 Fighting
 * Level 9.3(9.4) Axes
 + Level 1.3(5.0) Maces & Flails
 * Level 7.1 Armour
 + Level 5.8 Dodging
 - Level 0.5 Stealth
 + Level 7.9 Shields


You had 9 spell levels left.
You didn't know any spells.

Dungeon Overview and Level Annotations

Branches:
Dungeon (9/15)             Temple (1/1) D:6             Orc (0/2) D:9
   Lair: D:8-11

Altars:
Ashenzari
Cheibriados
Dithmenos
Elyvilon
Fedhas
Gozag
Kikubaaqudgha
Makhleb
Nemelex Xobeh
Okawaru
Pakellas
Qazlal
Ru
Sif Muna
Trog
Vehumet
Xom
Yredelemnul
Zin
The Shining One

Shops:
D:9 !


Message History

Aim: a deep elf knight, wielding a scimitar (lightly wounded, fast, chance to defeat MR: 6%)
Okay, then.
Unknown command.
Unknown command.
Unknown command.
Unknown command.
Zapping:
F - a wand of slowing (will waste charges)
Press: ? - help, Shift-Dir - straight line, f - deep elf knight
Aim: a deep elf knight, wielding a scimitar (lightly wounded, fast, chance to defeat MR: 9%)
Okay, then.
Blink to where?
Press: ? - help, Dir - move target cursor You are very lightly contaminated with residual magic.
As you read the scroll labeled MYT WOSMABB, it crumbles to dust.
It was a scroll of blinking.
The deep elf knight casts a spell at you.
The stone arrow misses you.
The deep elf knight points at you and mumbles some strange words.
The stone arrow hits you!
You die...

............#### ####
............#
..............###############
..............................
.......##########.............
....... #...#########.
.......# #...# #.
<......##########...#########.
.............@................
.........e.................###
####...#################..#
#.....# #..# ##..##.#...##
#..# .........§†.# #..#
...#8..8#..†# #####..###
#....##...... ...........
#......##...... ...........


You could see a deep elf knight.

Vanquished Creatures
  A wolf spider (D:9)
  Psyche (D:9)
  A two-headed ogre (D:9)
  A spriggan (D:8)
  2 hippogriffs
  An orc warrior (D:6)
  An ice beast (D:9)
  A necrophage (D:5)
  2 sky beasts
  A phantom (D:7)
  An ogre (D:9)
  3 centaurs
  3 giant frogs
  A gnoll sergeant (D:7)
  4 killer bees (D:7)
  2 scorpions
  6 howler monkeys (D:7)
  4 crimson imps
  5 hounds
  A centaur skeleton (D:8)
  An orc priest (D:6)
  A jelly (D:7)
  Terence (D:2)
  3 iguanas
  An orc wizard (D:3)
  10 worker ants
  A killer bee zombie (D:8)
  3 worker ant zombies
  11 adders
  4 gnolls (D:7)
  2 shadow imps
  An ooze (D:1)
  An adder skeleton (D:7)
  2 worms
  4 dart slugs
  3 giant geckos
  18 orcs
  5 bats
  2 giant cockroaches
  3 goblins
  5 hobgoblins
  21 jackals
  3 kobolds (D:3)
  2 quokkas
  4 ball pythons
  5 giant newts
  A quokka skeleton (D:4)
  7 rats
167 creatures vanquished.

Notes
Turn   | Place    | Note
--------------------------------------------------------------
     0 | D:1      | MTVSty1e the Hill Orc Fighter began the quest for the Orb.
     0 | D:1      | Reached XP level 1. HP: 19/19 MP: 1/1
   248 | D:1      | Reached XP level 2. HP: 27/27 MP: 2/2
   697 | D:2      | Noticed Terence
   720 | D:2      | Killed Terence
   720 | D:2      | Reached XP level 3. HP: 29/34 MP: 3/3
   881 | D:2      | Reached XP level 4. HP: 39/41 MP: 4/4
   897 | D:2      | Reached skill level 1 in Dodging
  1520 | D:3      | Reached XP level 5. HP: 32/47 MP: 5/5
  1625 | D:3      | Noticed a sky beast
  1651 | D:3      | Killed a sky beast
  1651 | D:3      | Reached skill level 3 in Axes
  1691 | D:3      | You fall through a shaft!
  1828 | D:4      | Reached skill level 1 in Maces & Flails
  1828 | D:4      | Reached XP level 6. HP: 53/55 MP: 6/6
  1914 | D:3      | Reached skill level 5 in Fighting
  3068 | D:5      | Entered Level 5 of the Dungeon
  3202 | D:5      | Noticed a necrophage
  3215 | D:5      | Killed a necrophage
  3215 | D:5      | Reached skill level 4 in Axes
  3215 | D:5      | Reached XP level 7. HP: 57/60 MP: 7/7
  3833 | D:5      | Found an opulent altar of Gozag.
  3883 | D:5      | Reached skill level 5 in Armour
  3883 | D:5      | Reached skill level 5 in Shields
  3951 | D:5      | Reached skill level 5 in Axes
  4045 | D:5      | Found a burning altar of Makhleb.
  4050 | D:5      | Found a shadowy altar of Dithmenos.
  4439 | D:6      | Reached XP level 8. HP: 63/69 MP: 8/8
  4842 | D:6      | Found a staircase to the Ecumenical Temple.
  4851 | Temple   | Entered the Ecumenical Temple
  4950 | Temple   | Became a worshipper of Warmaster Okawaru
  5320 | D:7      | Reached skill level 6 in Axes
  5479 | D:7      | Reached * piety under Okawaru
  5629 | D:7      | Reached XP level 9. HP: 64/78 MP: 9/9
  5636 | D:7      | Reached skill level 7 in Axes
  5951 | D:7      | Reached skill level 5 in Dodging
  6536 | D:8      | Reached ** piety under Okawaru
  6852 | D:8      | Reached skill level 8 in Axes
  6976 | D:9      | Noticed Psyche
  6998 | D:9      | Killed Psyche
  7057 | D:9      | Found a staircase to the Orcish Mines.
  7200 | D:9      | Found Dolalos's Distillery.
  7379 | D:9      | Reached XP level 10. HP: 81/86 MP: 10/10
  7423 | D:9      | Reached skill level 9 in Axes
  7535 | D:9      | Noticed a wolf spider
  7558 | D:9      | Killed a wolf spider
  7558 | D:9      | Reached *** piety under Okawaru
  7563 | D:9      | Found a snail-covered altar of Cheibriados.
  7564 | D:9      | Noticed a deep elf knight
  7576 | D:9      | Killed from afar by a deep elf knight

Skill      XL: |  1  2  3  4  5  6  7  8  9 10 |
---------------+-------------------------------+-----
Fighting       | 4 5 6 7 |  7.8
Shields        | 4 5 6 7 |  7.9
Dodging        | 1 2 3 4 5 |  5.8
Axes           | 3 4 5 6 8 9 |  9.3
Armour         | 4 5 6 7 |  7.1
Maces & Flails | 1 |  1.3
Stealth        | |  0.5

Action                   |  1- 3 |  4- 6 |  7- 9 | 10-12 || total
-------------------------+-------+-------+-------+-------++-------
Melee: War axe           |    52 |       |       |       ||    52
       Flail             |    14 |    61 |    39 |       ||   114
       Hand axe          |       |   172 |   448 |    38 ||   658
  Use: Potion            |     5 |     2 |     3 |     3 ||    13
       Scroll            |     5 |     8 |     5 |     1 ||    19
  Eat: Meat ration       |       |     1 |     1 |       ||     2
       Beef jerky        |       |     2 |     1 |       ||     3
       Bread ration      |       |       |     2 |       ||     2
Armor: Scale mail        |    35 |    47 |       |       ||    82
       Skin              |     7 |       |       |       ||     7
       Ring mail         |       |    38 |   175 |    14 ||   227
Dodge: Dodged            |    23 |    77 |   124 |    15 ||   239
Block: Shield            |    51 |   115 |       |       ||   166
       Large shield      |       |    13 |   418 |    40 ||   471
